 Dungeon Crawl Stone Soup version 0.26-a0-597-gb535b0901c (webtiles) character file.

Game seed: 15679924797503466550

4910 puerile the Grappler (level 10, -7/93 HPs)
             Began as a Troll Transmuter on Aug 31, 2020.
             Was an Elder of Makhleb.
             Mangled by a fire crab (shapeshifter) (9 damage)
             ... on level 8 of the Dungeon.
             The game lasted 00:15:24 (7329 turns).

puerile the Grappler (Troll Transmuter)             Turns: 7329, Time: 00:15:26

Health: -7/93      AC:  7    Str: 23    XL:     10   Next: 27%
Magic:  13/15      EV: 10    Int:  9    God:    Makhleb [****..]
Gold:   470        SH:  0    Dex: 22    Spells: 15/18 levels left

rFire    . . .     SeeInvis .     - Unarmed
rCold    . . .     Faith    .   (no shield)
rNeg     . . .     Spirit   .   a - +0 robe
rPois    .         Reflect  .   (helmet currently unavailable)
rElec    .         Harm     .   m - +0 cloak
rCorr    .                      (gloves unavailable)
MR       .....                  (boots unavailable)
Stlth    ++........             (no amulet)
HPRegen  0.65/turn              z - +6 ring of dexterity
MPRegen  0.14/turn              E - +6 ring of dexterity

@: mighty, appendages, wereblooded
A: large, unfitting armour, claws 3, horns 2, talons 2, regeneration 1, shaggy
fur 1, tough skin 3
a: End Transformation, Minor Destruction, Lesser Servant of Makhleb, Major
Destruction, Renounce Religion


You were on level 8 of the Dungeon.
You worshipped Makhleb.
Makhleb was greatly pleased with you.
You had grown temporary horns.
You had grown temporary talons.
You visited 1 branch of the dungeon, and saw 8 of its levels.

You collected 470 gold pieces.

Inventory:

Hand Weapons
 g - a +0 whip of electrocution
Missiles
 s - 13 boomerangs (quivered)
 w - 2 throwing nets
 F - 6 atropa-tipped darts
Armour
 a - a +0 robe (worn)
 m - a +0 cloak (worn)
Jewellery
 z - a +6 ring of dexterity (left claw)
 A - a cursed ring of stealth
 E - a +6 ring of dexterity (right claw)
Wands
 j - a wand of flame (14)
 v - a wand of paralysis (23)
 D - a wand of random effects (18)
 G - a wand of iceblast (6)
Scrolls
 b - 2 scrolls of identify
 c - a scroll of noise {unknown}
 d - 2 scrolls of blinking {unknown}
 e - 3 scrolls of amnesia {unknown}
 f - 3 scrolls of magic mapping {unknown}
 h - a scroll of fog {unknown}
 i - a scroll of enchant armour {unknown}
 k - 3 scrolls of teleportation {unknown}
 n - a scroll of random uselessness {unknown}
 q - 4 scrolls of remove curse {unknown}
 r - a scroll of immolation {unknown}
 x - 3 scrolls of fear {unknown}
 y - 2 scrolls of silence {unknown}
Potions
 l - 3 potions of flight
 o - a potion of curing
 p - 2 potions of brilliance
 t - 6 potions of lignification
 u - a potion of might
 C - 2 potions of resistance


   Skills:
 * Level 4.2 Fighting
 + Level 2.7 Throwing
 - Level 1.5 Dodging
 - Level 0.2 Stealth
 + Level 9.8 Unarmed Combat
 + Level 4.5 Spellcasting
 + Level 5.1 Transmutations
 * Level 3.4 Invocations


You had 15 spell levels left.
You knew the following spells:

 Your Spells              Type           Power        Failure   Level
a - Beastly Appendage     Tmut           ##....       3%          1
b - Wereblood             Tmut           ##......     4%          2

Your spell library contained the following spells:

 Spells                   Type           Power        Failure   Level
 Spider Form              Tmut/Pois      #.........   26%         3
 Ice Form                 Ice/Tmut       #.......     65%         4
 Blade Hands              Tmut           ##........   65%         5


Dungeon Overview and Level Annotations

Branches:
Dungeon (8/15)             Temple (0/1) D:4            Lair (0/6) D:8

Altars:
Elyvilon
Fedhas
Gozag
Hepliaklqana
Makhleb
Ru
Trog

Shops:
D:3 *   D:7 (   D:8 =

Annotations:
D:2 exclusion: downstairs
D:3 exclusions: downstairs and 1 more exclusion, Sigmund
D:7 1 runed translucent door, Crazy Yiuf


Innate Abilities, Weirdness & Mutations

You are too large for most types of armour.
You have claws for hands.
Your natural rate of healing is unusually fast.
You are covered in fur. (AC +1)
You have extremely tough skin. (AC +3)
You have a pair of horns on your head.
You have razor-sharp toenails.


Message History

* * * LOW HITPOINT WARNING * * *
You are engulfed in flames!
* * * LOW HITPOINT WARNING * * *
You feel much better. The fire crab misses you.
The fire crab closely misses you.
You feel very mighty all of a sudden. The fire crab bites you.
You are engulfed in flames!
* * * LOW HITPOINT WARNING * * *
The fire crab claws you.
* * * LOW HITPOINT WARNING * * *
You are engulfed in flames!
* * * LOW HITPOINT WARNING * * *
Okay, then.
You claw the fire crab!
You claw the fire crab, but do no damage.
The fire crab is moderately wounded.
The fire crab bites you!
* * * LOW HITPOINT WARNING * * *
You are engulfed in flames!
You die...

##+#.## #.# #.#.#.#..#.#.#.
(..(..# #.#######.#.#...)†#..#.
......# ##..........#.#...##..#.
.(....####..#.#.####..#.#..#..#.#
.(......##..##.#.#.#...#.#.###..#
.)......##........#####.#.#####..
(.......##..####...##.#.#.#.###)#
)).#....##...##.####..##.##..#.##
..##.#####.....[@...#.#.#..Y.tY..
........)...###t###.#.#.#.#######
............#P.o.P#..#....#P...P#
..########..#.###t#....##t#.###.#
..# #..#.#?#.#.#####.'†#.'.# ..#
##.#.#+#o#...#.#Y#.###.# ###
#.#P. .P#.#.##YZ#P)..P#
#.#######.###.#.#######
#......................


You could see a fire crab and an orc.

Vanquished Creatures
  A two-headed ogre (D:4)
  A gargoyle (D:8)
  A hippogriff (D:8)
  A basilisk (D:8)
  3 yaks
  A porcupine (D:8)
  A black bear (D:8)
  3 orc warriors
  2 ice beasts (D:5)
  A sky beast (D:7)
  2 ogres
  A phantom (D:7)
  A crocodile (D:8)
  A big kobold (D:8)
  4 bullfrogs
  A wyvern skeleton (D:6)
  5 scorpions
  2 killer bees
  3 wights (D:5)
  3 howler monkeys
  2 bullfrog zombies (D:8)
  3 hounds
  A quasit (D:7)
  A centaur zombie (D:5)
  7 orc wizards
  3 orc priests
  A jelly (D:6)
  Jessica (D:3)
  An iguana (D:6)
  Natasha (thrice) (D:3)
  4 worker ants
  A howler monkey zombie (D:8)
  18 gnolls
  15 adders
  3 shadow imps
  5 white imps
  2 ufetubi
  2 oozes
  An adder skeleton (D:8)
  3 worms
  3 dart slugs
  6 leopard geckos
  27 orcs
  7 giant cockroaches
  10 goblins
  10 hobgoblins
  4 jackals (D:6)
  12 kobolds
  2 quokkas
  2 ball pythons
  9 bats
  7 frilled lizards
  2 leopard gecko skeletons
  A leopard gecko zombie (D:5)
  2 rats (D:1)
219 creatures vanquished.

Vanquished Creatures (others)
  An orc (D:5)
  A quokka (D:5)
  A bush (D:8)
  6 fungi (D:8)
  23 plants (D:8)
32 creatures vanquished.

Grand Total: 251 creatures vanquished

Notes
Turn   | Place    | Note
-------+----------+-------------------------------------------
     0 | D:1      | puerile the Troll Transmuter began the quest for the Orb.
     0 | D:1      | Reached XP level 1. HP: 18/18 MP: 1/1
    74 | D:1      | Reached XP level 2. HP: 26/26 MP: 0/2
   135 | D:1      | Learned a level 2 spell: Wereblood
   537 | D:1      | Reached XP level 3. HP: 32/32 MP: 1/4
   763 | D:1      | Reached skill level 4 in Unarmed Combat
   798 | D:2      | Reached XP level 4. HP: 36/40 MP: 5/5
   868 | D:2      | Found a sacrificial altar of Ru.
   893 | D:2      | Found a faded altar of an unknown god.
  1520 | D:3      | Noticed Sigmund
  1579 | D:3      | Found a burning altar of Makhleb.
  1582 | D:3      | Noticed Natasha
  1588 | D:3      | Killed Natasha
  1612 | D:3      | Noticed Jessica
  1621 | D:3      | Killed Jessica
  1621 | D:3      | Reached XP level 5. HP: 17/46 MP: 5/7
  1678 | D:3      | Became a worshipper of Makhleb the Destroyer
  2369 | D:3      | Noticed Natasha
  2375 | D:3      | Killed Natasha
  2375 | D:3      | Reached skill level 1 in Fighting
  2431 | D:3      | Reached * piety under Makhleb
  2472 | D:3      | Found an opulent altar of Gozag.
  2478 | D:3      | Found Gozag's Platinum Reserve.
  2662 | D:3      | Noticed Natasha
  2668 | D:3      | Killed Natasha
  2668 | D:3      | Reached XP level 6. HP: 55/55 MP: 8/8
  3085 | D:4      | Reached skill level 5 in Unarmed Combat
  3207 | D:4      | Noticed a two-headed ogre
  3566 | D:4      | Found a staircase to the Ecumenical Temple.
  3622 | D:4      | Reached XP level 7. HP: 62/62 MP: 8/10
  3665 | D:4      | Killed a two-headed ogre
  3665 | D:4      | Reached skill level 6 in Unarmed Combat
  3665 | D:4      | Reached XP level 8. HP: 54/70 MP: 9/12
  3741 | D:4      | Found a blossoming altar of Fedhas.
  3803 | D:5      | Entered Level 5 of the Dungeon
  3838 | D:5      | Reached ** piety under Makhleb
  3868 | D:5      | Found a white marble altar of Elyvilon.
  4087 | D:5      | Reached skill level 7 in Unarmed Combat
  4318 | D:5      | Reached *** piety under Makhleb
  4697 | D:6      | Reached XP level 9. HP: 80/80 MP: 13/13
  4728 | D:6      | Reached skill level 1 in Invocations
  4922 | D:6      | Reached skill level 8 in Unarmed Combat
  5861 | D:7      | Found Lapat's Antique Weapon Boutique.
  6182 | D:7      | Found a runed translucent door.
  6183 | D:7      | Noticed Crazy Yiuf
  6238 | D:7      | Found a bloodstained altar of Trog.
  6660 | D:8      | Found Wafal's Jewellery Shop.
  6689 | D:8      | Reached skill level 9 in Unarmed Combat
  6696 | D:8      | Found a hazy altar of Hepliaklqana.
  6740 | D:8      | Reached **** piety under Makhleb
  6924 | D:8      | Noticed a gargoyle
  6932 | D:8      | Killed a gargoyle
  6932 | D:8      | Reached XP level 10. HP: 66/92 MP: 13/15
  6934 | D:8      | Reached skill level 5 in Transmutations
  7261 | D:8      | Found a staircase to the Lair.
  7319 | D:8      | Noticed a fire crab
  7329 | D:8      | HP: 2/93 [fire crab (shapeshifter) (12)]
  7329 | D:8      | Mangled by a fire crab (shapeshifter)

Illustrated notes

Levels and vault maps discovered:
D:1:      lightli_arrival_statuegarden, layout_rooms,
          chequers_serial_rivers_small_a, nrook_uturn, serial_bayou_crossing
D:2:      layout_loops_cross, nicolae_ru_sacrificial_ziggurat,
          chequers_ecumenical_altar_simple
D:3:      wad_river_or_something, layout_basic, nicolae_gozag_zags_fifth_avenue,
          bloody_makhleb, uniq_natasha, uniq_jessica, uniq_sigmund
D:4:      layout_cave_pools, lemuel_round_altar, minmay_temple_entry_offerings
D:5:      layout_loops_ring, elyvilon_altar_4
D:6:      layout_basic, minmay_misc_feat_cross, minmay_misc_feat_four_crosses
D:7:      minmay_recursive_quarters, layout_basic, lightli_temple_of_fire,
          serial_shops, kennysheep_mini, uniq_crazy_yiuf_cottage
D:8:      layout_basic, minmay_lair_entry_grove, serial_shops, shop,
          basic_altar, minmay_shattered_shrine

Skill      XL: |  1  2  3  4  5  6  7  8  9 10 |
---------------+-------------------------------+-----
Unarmed Combat | 4 5 6 7 9 |  9.8
Transmutations | 2 3 4 5 |  5.1
Spellcasting   | 2 3 4 |  4.5
Fighting       | 1 2 4 |  4.2
Throwing       | 2 |  2.7
Invocations    | 3 |  3.4
Dodging        | |  1.5
Stealth        | |  0.2

Action                   |  1- 3 |  4- 6 |  7- 9 | 10-12 || total
-------------------------+-------+-------+-------+-------++-------
Melee: Unarmed           |    68 |   146 |   272 |    24 ||   510
       Kick              |     9 |    18 |    74 |     8 ||   109
       Headbutt          |     1 |    11 |    36 |     3 ||    51
       Punch             |       |     1 |    12 |       ||    13
Throw: Boomerang         |       |    14 |     9 |     1 ||    24
 Cast: Beastly Appendage |    12 |    39 |    43 |     5 ||    99
       Wereblood         |       |       |     3 |     3 ||     6
  Use: Scroll            |       |       |     8 |       ||     8
       Potion            |       |       |       |     2 ||     2
 Stab: Distracted        |       |       |     1 |       ||     1
       Sleeping          |       |       |     1 |       ||     1
Armor: Robe              |    30 |    45 |    69 |    10 ||   154
Dodge: Dodged            |    40 |    79 |   121 |    11 ||   251

Table legend: (Time is in decaauts)
 A = Elapsed time spent in this place.
 B = Non-inter-level travel time spent in this place.
 C = Inter-level travel time spent in this place.
 D = Time resting spent in this place.
 E = Time spent auto-exploring this place.
 F = Levels seen in this place.
 G = Mean time per level.
                   A        B        C        D        E       F      G
               +--------+--------+--------+--------+--------+-----+--------+
         Total |   7293 |   6818 |    475 |    343 |   5004 |   8 |  911.6 |
       Dungeon |   7293 |   6818 |    475 |    343 |   5004 |   8 |  911.6 |
               +--------+--------+--------+--------+--------+-----+--------+

Top non-repeatable levels by time:
     D:3: 1682 daAuts
     D:7: 1112 daAuts
     D:6: 1018 daAuts
     D:1: 783 daAuts
     D:5: 764 daAuts
     D:2: 752 daAuts
     D:4: 592 daAuts
     D:8: 587 daAuts
